 Dungeon Crawl Stone Soup version 0.32-a0-171-g4625e66871 (webtiles) character file.

Game seed: 16689387735591008541

268 mopl the Sneak (level 6, -6/42 HPs)
             Began as an Octopode Brigand on Feb 12, 2024.
             Mangled by an orc
             ... wielding a +0 war axe of venom
              (9 damage)
             ... on level 3 of the Dungeon.
             The game lasted 00:02:12 (1432 turns).

mopl the Sneak (Octopode Brigand)                   Turns: 1432, Time: 00:02:13

Health: -6/42      AC:  1    Str: 11    XL:     6   Next: 21%
Magic:  6/6        EV: 12    Int: 13    God:
Gold:   96         SH:  0    Dex: 15    Spells: 5/5 levels left

rFire   . . .        a - +3 dagger
rCold   . . .        (no shield)
rNeg    . . .        (helmet restricted)
rPois   +            (no amulet)
rElec   .            h - +4 ring of slaying
rCorr   .            m - ring of poison resistance
SInv    .            (no ring)
Will    .....        (no ring)
Stlth   ++++         (no ring)
HPRegen 0.27/turn    (no ring)
MPRegen 0.10/turn    (no ring)
                     (no ring)

%: no passive effects
@: no status effects
A: almost no armour, amphibious, 8 rings, camouflage 1, gelatinous body 1,
(nimble swimmer 1), tentacles
a: no special abilities


You were on level 3 of the Dungeon.
You visited 1 branch of the dungeon, and saw 3 of its levels.

You collected 96 gold pieces.

Inventory:

Hand Weapons
 a - a +3 dagger (weapon)
Missiles
 b - 15 poisoned darts (quivered)
 c - 3 curare-tipped darts
Jewellery
 h - a +4 ring of slaying (left tentacle)
 m - a ring of poison resistance (right tentacle)
Talismans
 j - a serpent talisman
Wands
 l - a wand of iceblast (4)
Scrolls
 e - 2 scrolls of teleportation {unknown}
 g - 2 scrolls of noise {unknown}
 i - a scroll of identify {unknown}
 k - a scroll of torment {unknown}
 n - a scroll of immolation {unknown}
Potions
 d - a potion of invisibility {unknown}
 f - 2 potions of brilliance {unknown}
 o - a potion of enlightenment {unknown}
 p - a potion of heal wounds {unknown}


   Skills:
 + Level 3.4 Fighting
 - Level 2.0(2.7) Short Blades
 + Level 2.7(3.1) Long Blades
 + Level 3.4 Throwing
 - Level 1.0 Dodging
 + Level 6.8 Stealth
 + Level 0.6 Shapeshifting


You had 5 spell levels left.
You didn't know any spells.
Your spell library contained the following spells:

 Spells                   Type           Power      Damage    Failure   Level
 Shock                    Conj/Air       0%         1d3       30%         1
 Call Imp                 Summ           0%         N/A       43%         2
 Lesser Beckoning         Tloc           0%         N/A       43%         2
 Sublimation of Blood     Necr           0%         N/A       43%         2
 Gell's Gravitas          Tloc           0%         N/A       67%         3
 Swiftness                Air            0%         N/A       67%         3
 Teleport Other           Tloc           0%         N/A       67%         3
 Airstrike                Air            0%         2d(0-16)  97%         4
 Summon Hydra             Summ           0%         N/A       100%        7


Dungeon Overview and Level Annotations

Branches:
Dungeon (3/15)

Altars:

Shops:
D:3 [


Innate Abilities, Weirdness & Mutations

You cannot wear most types of armour.
You are amphibious.
You can wear up to eight rings at the same time.
Your skin changes colour to match your surroundings (Stealth+).
Your rubbery body absorbs attacks. (AC +1, EV +1)
((You are camouflaged when in or above water. (Stealth+)))
You have tentacles for arms and can constrict up to eight enemies at once.


Message History

You see here a +0 whip.
You puncture the orc!
You kill the orc!
No target in view!
A ball python comes into view.
You see here 2 scrolls labelled TOREQE GIESYCS.
A ball python is nearby!
No target in view!
No target in view!
What are your orders? t - Shout!
Orders for allies: a - Attack new target. r - Retreat! s - Stop attacking. g - Guard the area. f - Follow me.
Anything else - Cancel.
You shout for attention!
You hear a shout! x2
An orc comes into view. It is wielding a +0 club.
There are monsters nearby!
An orc priest comes into view. It is wielding a +0 dagger.
You see here 2 scrolls labelled TOREQE GIESYCS.
An orc comes into view. It is wielding a +0 war axe of venom.
A ball python comes into view.
An orc comes into view. It is wielding a +0 war axe.
The ball python hisses angrily.
You hit the orc. You grab the orc. You squeeze the orc.
The orc is severely wounded.
You constrict the orc.
An orc comes into view.
It is wielding a +0 flail of protection.
The orc priest mumbles some strange prayers to Beogh against you.
Beogh smites you! The orc hits you with a +0 club.
You hit the orc.
You kill the orc!
Unknown command.
The orc priest mumbles some strange prayers to Beogh against you.
Beogh smites you!
* * * LOW HITPOINT WARNING * * *
You puncture the ball python!
You kill the ball python!
The orc hits you with a +0 war axe of venom!
You die...

................. #..
#....#...##.∩..#
##...#..............#
....#....).......... .
#...#...##.#.......# .. #
#...#...##)#.......#
...#.#..##...............
.....#..##..###..........
.....S.o@................
##.#.#oo##..##....<#.###.
......)..?.........#.# .
.....o.............#≈# .
#.......##.........#≈# .
#.##.##.#....#.....#≈# #
#. #.#..))#..####.# #
#......).....#.#
###....#...>..


You could see an orc priest, 3 orcs and a ball python.

Vanquished Creatures
  Sigmund (D:2)
  An iguana (D:3)
  3 adders
  2 dart slugs
  5 orcs (D:3)
  4 bats
  5 endoplasms
  A giant cockroach (D:1)
  2 goblins (D:1)
  3 hobgoblins
  4 jackals (D:2)
  4 quokkas
  4 ball pythons
  2 frilled lizards
  6 kobolds
  A rat (D:2)
48 creatures vanquished.

Notes
Turn   | Place    | Note
-------+----------+-------------------------------------------
     0 | D:1      | mopl the Octopode Brigand began the quest for the Orb.
     0 | D:1      | Reached XP level 1. HP: 14/14 MP: 1/1
   284 | D:1      | Reached XP level 2. HP: 19/19 MP: 2/2
   344 | D:1      | Reached skill level 1 in Long Blades
   625 | D:1      | Reached XP level 3. HP: 25/25 MP: 3/3
   886 | D:2      | Noticed Sigmund
   890 | D:2      | Killed Sigmund
   891 | D:2      | Reached skill level 3 in Fighting
   891 | D:2      | Reached skill level 2 in Long Blades
   891 | D:2      | Reached skill level 3 in Throwing
   891 | D:2      | Reached skill level 6 in Stealth
   891 | D:2      | Reached XP level 4. HP: 31/31 MP: 4/4
   891 | D:2      | Reached XP level 5. HP: 36/36 MP: 5/5
  1063 | D:2      | Found a faded altar of an unknown god.
  1364 | D:3      | Found Ohett's Armour Shop.
  1388 | D:3      | Reached XP level 6. HP: 42/42 MP: 6/6
  1432 | D:3      | Mangled by an orc

Illustrated notes

Levels and vault maps discovered:
D:1:      elethiomel_arrival_maze, layout_basic, minmay_crystal_room
D:2:      layout_basic, dreamdust_ecumenical_altar_statues, uniq_sigmund
D:3:      layout_basic, trog_wizard, serial_shops, shop,
          nicolae_shop_waterfront, shop, shop, shop, corexii_corridor_pit,
          uniq_robin

Skill      XL: |  1  2  3 |
---------------+----------+-----
Long Blades    | 1 2 |  2.7
Fighting       | 3 |  3.4
Throwing       | 3 |  3.4
Stealth        | 6 |  6.8
Short Blades   | |  2.0
Dodging        | |  1.0
Shapeshifting  | |  0.6

Action                     |  1- 3 |  4- 6 || total
---------------------------+-------+-------++-------
  Melee: Dagger            |    49 |    43 ||    92
         Constrict         |    13 |    13 ||    26
         Tentacles         |     5 |     6 ||    11
   Stab: Sleeping          |     7 |     3 ||    10
 Armour: Skin              |    22 |    15 ||    37
  Dodge: Dodged            |    15 |    20 ||    35

Table legend: (Time is in decaauts)
 A = Elapsed time spent in this place.
 B = Non-inter-level travel time spent in this place.
 C = Inter-level travel time spent in this place.
 D = Time resting spent in this place.
 E = Time spent auto-exploring this place.
 F = Levels seen in this place.
 G = Mean time per level.
                   A        B        C        D        E       F      G
               +--------+--------+--------+--------+--------+-----+--------+
         Total |   1419 |   1393 |     26 |    128 |    958 |   3 |  473.0 |
       Dungeon |   1419 |   1393 |     26 |    128 |    958 |   3 |  473.0 |
               +--------+--------+--------+--------+--------+-----+--------+

Top non-repeatable levels by time:
     D:1: 880 daAuts
     D:2: 470 daAuts
     D:3: 68 daAuts
